 Dungeon Crawl Stone Soup version 0.20.0 (webtiles) character file.

26687 SpeedrunTech the Severer (level 13, -1/125 HPs)
             Began as a Minotaur Berserker on June 11, 2017.
             Was a High Priest of Trog.
             Killed from afar by Harold (20 damage)
             ... with a bolt of fire
             ... on level 4 of the Lair of Beasts.
             The game lasted 00:07:55 (11744 turns).

SpeedrunTech the Severer (Minotaur Berserker)      Turns: 11744, Time: 00:07:56

Health: -1/125     AC: 15    Str: 26    XL:     13   Next: 0%
Magic:  4/4        EV: 15    Int:  4    God:    Trog [*****.]
Gold:   547        SH:  0    Dex: 16    Spells: 12/12 levels left

rFire    . . .     SeeInvis .   a - +5 battleaxe (antimagic)
rCold    . . .     Gourm    .   (shield currently unavailable)
rNeg     . . .     Faith    +   z - +0 chain mail
rPois    +         Spirit   .   v - +2 hat {MR+}
rElec    .         Reflect  .   (no cloak)
rCorr    .         Harm     .   e - +0 pair of gloves
MR       +++..     Rnd*Tele +   u - +0 pair of boots
Stlth    ..........             k - amulet of faith {!P}
Regen    1.3/turn               g - ring of teleportation (curse)
MPRegen  0.1/turn               y - ring of poison resistance

@: agile, barbed spikes, berserk cooldown, regenerating, slowed, very slow
A: retaliatory headbutt, horns 2
a: Berserk, Trog's Hand, Brothers in Arms, Burn Spellbooks, Renounce Religion


You were on level 4 of the Lair of Beasts.
You worshipped Trog.
Trog was extremely pleased with you.
You were hungry.

You visited 2 branches of the dungeon, and saw 14 of its levels.

You collected 659 gold pieces.
You spent 112 gold pieces at shops.

Inventory:

Hand Weapons
 a - a +5 antimagic battleaxe (weapon)
 B - the +2 hand axe of Mayhem {drain, rC+ Str-3 SInv Stlth+}
   (You found it on level 9 of the Dungeon)

   A truly terrible weapon, it drains the life of those it strikes.
   It affects your strength (-3).
   It protects you from cold.
   It lets you see invisible.
   It makes you more stealthy.
 F - a +1 war axe
Armour
 e - a +0 pair of gloves (worn)
 u - a +0 pair of boots (worn)
 v - a +2 hat of magic resistance (worn)
 z - a +0 chain mail (worn)
Jewellery
 g - a cursed ring of teleportation (left hand)
 j - an uncursed ring of fire
 k - an amulet of faith (around neck) {!P}
 l - an uncursed ring of stealth
 x - a +4 ring of dexterity
 y - a ring of poison resistance (right hand)
Wands
 m - a wand of iceblast (5/15)
 n - a wand of iceblast (7/15)
 s - a wand of digging (9/24)
Scrolls
 b - 2 scrolls of magic mapping
 o - a scroll of enchant armour
 t - a scroll of teleportation
 C - 2 scrolls of blinking
Potions
 h - 6 potions of curing
 p - a potion of might
 q - a potion of agility
 r - a potion of cancellation
 w - a potion of resistance
 A - a potion of lignification {!q}
Comestibles
 c - a bread ration
 d - 8 meat rations
 f - 9 chunks of flesh
 E - 8 fruits
 J - a royal jelly


   Skills:
 + Level 14.5 Fighting
 * Level 19.3 Axes
 + Level 7.0 Armour
 - Level 2.1 Dodging


You had 12 spell levels left.
You didn't know any spells.

Dungeon Overview and Level Annotations

Branches:
Dungeon (10/15)              Lair (4/6) D:10          Snake (0/4) Lair:4
 Temple: D:4-7        Swamp: Lair:2-4    Shoals: Lair:2-4       Orc: D:9-12

Altars:
Dithmenos
Fedhas
Gozag
Beogh

Shops:
D:8 *   D:9 =

Annotations:
Lair:1 exclusion: oklob plant
Lair:4 Harold


Innate Abilities, Weirdness & Mutations

You reflexively headbutt those who attack you in melee.
You have a pair of horns on your head.


Message History

The spiny frog is heavily wounded.
The spiny frog stings you but does no damage.
The spiny frog completely misses you.
Unknown command.
You slash the spiny frog! Your headbutt misses the spiny frog.
The spiny frog is almost dead.
The spiny frog stings you!
* * * LOW HITPOINT WARNING * * *
Unknown command.
You feel agile all of a sudden.
The spiny frog stings you but does no damage.
Your iron troll bites the spiny frog!!
The spiny frog dies!
Trog accepts your kill.
You have reached level 13!
The barbed spikes dig painfully into your body as you move.
* * * LOW HITPOINT WARNING * * *
Harold gestures at you while chanting. The bolt of fire hits you!
You die...

#.........#....##
####........
#P.P#.....#.....#
#.........
#P.........#.....#
.......###.
#...##....P......##
#........
....##............# ..
##....##.#P......###.#
#......##P.....#....###
..............T.......
..............@.......
....................
............<.@....
...................
...................
.###......###..##.
##...%.# .## #..... ..


You could see Harold and a friendly iron troll (berserk).

Vanquished Creatures
  Gastronok (D:8)
  2 hydras
  Fannar (Lair:2)
  2 two-headed ogres
  A manticore (Lair:4)
  A gargoyle (D:10)
  2 black mambas (Lair:3)
  4 spiny frogs
  A rime drake (Lair:3)
  5 komodo dragons
  2 trolls
  2 polar bears (Lair:3)
  8 hippogriffs
  4 blink frogs (Lair:1)
  Sigmund (D:5)
  Eustachio (D:4)
  33 yaks
  3 fire bats (Lair:1)
  2 basilisks
  Menkaure (D:4)
  4 nagas (Lair:4)
  7 water moccasins
  10 porcupines
  An eye of draining (D:10)
  3 orc warriors
  A phantom (D:6)
  4 black bears
  2 sky beasts
  4 ogres
  3 necrophages
  16 wolves (Lair:3)
  7 crocodiles
  5 centaurs
  Blork the orc (D:4)
  5 bullfrogs
  2 scorpions
  A killer bee (D:9)
  An electric eel (Lair:3)
  5 crimson imps
  A centaur zombie (D:9)
  3 hounds
  2 jellies
  A gnoll shaman (D:5)
  6 orc priests
  Ijyb (D:5)
  9 worker ants
  3 iguanas
  8 orc wizards
  2 hound zombies (D:5)
  A hound skeleton (D:9)
  A howler monkey zombie (D:8)
  7 gnolls
  7 adders
  A shadow imp (D:8)
  A worm (D:3)
  5 leopard geckos
  59 orcs
  2 ball pythons (D:3)
  A giant cockroach (D:6)
  A goblin (D:1)
  4 hobgoblins
  10 jackals
  3 quokkas
  3 bats
  A frilled lizard (D:4)
  2 kobolds
  2 leopard gecko skeletons (D:4)
  A leopard gecko zombie (D:8)
  2 rats
  A fungus (Lair:1)
  2 plants (D:10)
312 creatures vanquished.

Vanquished Creatures (collateral kills)
  A hydra (Lair:2)
  The ghost of Quarterback16 the Cleaver, a novice MiBe of Trog (D:10)
  A spiny frog (Lair:4)
3 creatures vanquished.

Vanquished Creatures (others)
  5 fungi
  3 plants
8 creatures vanquished.

Grand Total: 323 creatures vanquished

Notes
Turn   | Place    | Note
-------+----------+-------------------------------------------
     0 | D:1      | SpeedrunTech the Minotaur Berserker began the quest for the Orb.
     0 | D:1      | Reached XP level 1. HP: 19/19 MP: 0/0
   373 | D:2      | Reached skill level 4 in Axes
   373 | D:2      | Reached XP level 2. HP: 18/27 MP: 1/1
   532 | D:2      | Reached XP level 3. HP: 27/33 MP: 2/2
   691 | D:3      | Reached skill level 5 in Axes
   696 | D:3      | Reached XP level 4. HP: 29/41 MP: 1/3
   849 | D:3      | Reached ** piety under Trog
  1131 | D:3      | Reached skill level 5 in Fighting
  1281 | D:4      | Reached XP level 5. HP: 43/48 MP: 1/4
  1313 | D:4      | Noticed Menkaure
  1318 | D:4      | Killed Menkaure
  1318 | D:4      | Reached skill level 6 in Axes
  1390 | D:4      | Reached skill level 7 in Axes
  1390 | D:4      | Reached XP level 6. HP: 41/57 MP: 1/5
  1709 | D:4      | Noticed Eustachio
  1776 | D:4      | HP: 8/85 [bat[Eustachio] (1)]
  1777 | D:4      | Killed Eustachio
  1942 | D:4      | Found an opulent altar of Gozag.
  2048 | D:4      | Noticed Blork the orc
  2053 | D:4      | Killed Blork the orc
  2053 | D:4      | Reached skill level 8 in Axes
  2053 | D:4      | Reached XP level 7. HP: 64/64 MP: 2/6
  2078 | D:5      | Entered Level 5 of the Dungeon
  2078 | D:5      | Noticed Sigmund
  2087 | D:5      | Killed Sigmund
  2093 | D:5      | Reached skill level 9 in Axes
  2177 | D:5      | Found a blossoming altar of Fedhas.
  2418 | D:5      | Reached *** piety under Trog
  2422 | D:5      | Reached XP level 8. HP: 40/72 MP: 2/7
  2559 | D:5      | Found a sand-covered staircase.
  2593 | D:5      | Noticed Ijyb
  2603 | D:5      | Killed Ijyb
  2680 | D:5      | Reached skill level 10 in Axes
  3058 | D:6      | Reached skill level 11 in Axes
  3406 | D:7      | Reached XP level 9. HP: 55/80 MP: 2/8
  3559 | D:7      | Reached **** piety under Trog
  3660 | D:8      | Found Dehawania's General Store.
  3668 | D:8      | Bought a scroll of teleportation for 42 gold pieces
  3668 | D:8      | Bought a scroll of identify for 28 gold pieces
  3668 | D:8      | Bought a scroll of teleportation for 42 gold pieces
  3703 | D:8      | Noticed Gastronok
  3710 | D:8      | Reached skill level 12 in Axes
  3713 | D:8      | Killed Gastronok
  3713 | D:8      | Reached skill level 10 in Fighting
  3713 | D:8      | Reached skill level 13 in Axes
  3882 | D:8      | Found a shadowy altar of Dithmenos.
  4068 | D:8      | Noticed a two-headed ogre
  4076 | D:8      | Killed a two-headed ogre
  4076 | D:8      | Reached skill level 14 in Axes
  4076 | D:8      | Reached XP level 10. HP: 92/92 MP: 9/9
  4218 | D:9      | Received a gift from Trog
  4358 | D:9      | Found Ici Uqer's Jewellery Shop.
  4370 | D:9      | Reached skill level 15 in Axes
  4476 | D:9      | Noticed a two-headed ogre
  4483 | D:9      | Killed a two-headed ogre
  4862 | D:9      | Reached XP level 11. HP: 102/102 MP: 10/10
  4868 | D:9      | Reached skill level 16 in Axes
  5134 | D:9      | Received a gift from Trog
  5386 | D:9      | Got a polished hand axe
  5387 | D:9      | Identified the +2 hand axe of Mayhem {drain, rC+ Str-3 SInv Stlth+} (You found it on level 9 of the Dungeon)
  5472 | D:10     | Entered Level 10 of the Dungeon
  5516 | D:10     | Found a staircase to the Lair.
  5565 | D:10     | Noticed Quarterback16's ghost (novice MiBe)
  5882 | D:10     | Reached ***** piety under Trog
  5958 | D:10     | Killed Quarterback16's ghost
  5958 | D:10     | Reached skill level 17 in Axes
  6100 | D:10     | Found a roughly hewn altar of Beogh.
  6765 | Lair:1   | Entered Level 1 of the Lair of Beasts
  7112 | Lair:1   | Noticed an oklob plant
  7309 | Lair:1   | Received a gift from Trog
  8325 | Lair:2   | Noticed Fannar
  8325 | Lair:2   | Noticed a six-headed hydra
  8335 | Lair:2   | Killed a 12-headed hydra
  8335 | Lair:2   | Reached skill level 18 in Axes
  8335 | Lair:2   | Reached XP level 12. HP: 110/115 MP: 3/11
  8337 | Lair:2   | Killed Fannar
  8537 | Lair:2   | Noticed a five-headed hydra
  8545 | Lair:2   | Killed a six-headed hydra
 10274 | Lair:3   | Reached skill level 5 in Armour
 10980 | Lair:3   | Reached skill level 19 in Axes
 11572 | Lair:4   | Found a staircase to the Snake Pit.
 11718 | Lair:4   | Noticed a four-headed hydra
 11727 | Lair:4   | Killed a seven-headed hydra
 11741 | Lair:4   | Noticed Harold
 11743 | Lair:4   | Reached XP level 13. HP: 21/125 MP: 4/12
 11744 | Lair:4   | Killed from afar by Harold

Skill      XL: |  1  2  3  4  5  6  7  8  9 10 11 12 |
---------------+-------------------------------------+-----
Fighting       | 4 5 6 7 8 10 12 13 14 | 14.5
Axes           | 4 5 7 8 9 11 14 15 18 19 | 19.3
Armour         | 3 7 |  7.0
Dodging        | |  2.1

Action                   |  1- 3 |  4- 6 |  7- 9 | 10-12 | 13-15 || total
-------------------------+-------+-------+-------+-------+-------++-------
Melee: Hand axe          |    47 |   104 |   152 |   201 |       ||   504
       Headbutt          |     4 |    18 |    29 |   110 |       ||   161
       War axe           |       |       |    26 |   112 |       ||   138
       Battleaxe         |       |       |       |   182 |       ||   182
Invok: Berserk           |     1 |     4 |     7 |    11 |       ||    23
       Trog's Hand       |       |     2 |     1 |     5 |       ||     8
       Brothers in Arms  |       |       |       |     4 |       ||     4
       Burn Spellbooks   |       |       |       |     2 |       ||     2
  Use: Scroll            |       |     3 |     9 |    14 |       ||    26
       Potion            |       |     2 |       |     2 |       ||     4
 Stab: Sleeping          |       |       |     1 |       |       ||     1
       Distracted        |       |       |       |     1 |       ||     1
  Eat: Chunk             |       |     5 |     7 |    22 |       ||    34
       Bread ration      |       |     1 |     1 |     4 |       ||     6
Armor: Animal skin       |     5 |    35 |     5 |       |       ||    45
       Leather armour    |       |       |    23 |    33 |       ||    56
       Chain mail        |       |       |       |   200 |       ||   200
Dodge: Dodged            |    39 |    74 |    93 |   193 |       ||   399
